 Dungeon Crawl Stone Soup version 0.29.0-7-g18a832c13a (webtiles) character file.

Game seed: 4111380621194884562

35 BiteMe the Stinger (level 3, -5/24 HPs)
             Began as a Demonspawn Venom Mage on Aug 31, 2022.
             Slain by a phantom (7 damage)
             ... on level 2 of the Dungeon.
             The game lasted 00:15:50 (2235 turns).

BiteMe the Stinger (Demonspawn Venom Mage)          Turns: 2235, Time: 00:15:51

Health: -5/24      AC:  2    Str:  8    XL:     3   Next: 16%
Magic:  16/16      EV: 12    Int: 18    God:
Gold:   80         SH:  0    Dex: 13    Spells: 4/7 levels left

rFire   . . .      SeeInvis .   l - staff of poison
rCold   . . .      Faith    .   (no shield)
rNeg    . . .      Spirit   .   a - +0 robe
rPois   +          Reflect  .   (no helmet)
rElec   .          Harm     .   (no cloak)
rCorr   .          Rampage  .   (no gloves)
Will    .....                   (no boots)
Stlth   ++........              (no amulet)
HPRegen 0.08/turn               f - ring of magical power
MPRegen 0.15/turn               (no ring)

@: brilliant, flying, invisible
A: demonic guardian 1, ignite blood 1
a: no special abilities


You were on level 2 of the Dungeon.
You visited 1 branch of the dungeon, and saw 2 of its levels.

You collected 80 gold pieces.

Inventory:

Hand Weapons
 c - a +0 flail
 h - a +0 short sword of speed
Armour
 a - a +0 robe (worn)
 g - a +0 buckler
Magical Staves
 l - a staff of poison (weapon)
Jewellery
 e - a ring of protection from cold
 f - a ring of magical power (left hand)
Scrolls
 d - a scroll of fear {unknown}
 j - a scroll of enchant weapon {unknown}
 k - a scroll of immolation {unknown}
 m - a scroll of enchant armour {unknown}
 q - a scroll of summoning {unknown}
Potions
 b - a potion of magic
 i - a potion of might {unknown}


   Skills:
 + Level 2.0 Dodging
 + Level 2.1 Stealth
 * Level 2.8 Spellcasting
 + Level 1.0 Transmutations
 * Level 3.1 Poison Magic
 * Level 0.1 Evocations


You had 4 spell levels left.
You knew the following spells:

 Your Spells              Type           Power      Damage    Failure   Level
a - Sting                 Tmut/Pois      88%        1d7       7%          1
b - Poisonous Vapours     Pois/Air       36%        N/A       13%         2

Your spell library contained the following spells:

 Spells                   Type           Power      Damage    Failure   Level
 Mephitic Cloud           Conj/Pois/Air  14%        N/A       32%         3
 Olgreb's Toxic Radiance  Pois           31%        N/A       41%         4
 Call Canine Familiar     Summ           3%         N/A       45%         3
 Portal Projectile        Hex/Tloc       6%         N/A       45%         3
 Leda's Liquefaction      Hex/Erth       1%         N/A       86%         4


Dungeon Overview and Level Annotations

Branches:
Dungeon (2/15)

Altars:

Annotations:
D:2 Terence


Innate Abilities, Weirdness & Mutations

A weak demonic guardian rushes to your aid.
Your demonic aura sometimes causes spilled blood to erupt in flames.


Message History

The phantom is lightly damaged.
The phantom hits you.
You hit the phantom.
The phantom is lightly damaged.
The phantom closely misses you.
You closely miss the phantom.
The phantom is lightly damaged.
The phantom hits you.
A demonic guardian appears!
The phantom blinks!
You blink.
You hit the phantom but do no damage.
The phantom is lightly damaged.
The phantom hits you but does no damage.
You barely miss the phantom.
The phantom is lightly damaged.
The phantom hits you.
The phantom blinks!
You blink.
The phantom hits you.
You hit the phantom but do no damage.
The phantom is lightly damaged.
The phantom closely misses you.
You hit the phantom.
The phantom is lightly damaged.
The phantom closely misses you.
You closely miss the phantom.
The phantom is lightly damaged.
The phantom hits you.
* * * LOW HITPOINT WARNING * * *
It was a potion of flight.
You feel very buoyant.
You fly up into the air.
The phantom hits you.
* * * LOW HITPOINT WARNING * * *
The phantom blinks!
You blink.
It was a potion of invisibility.
You fade into invisibility!
The phantom hits you but does no damage.
Your iron imp hits the phantom!
You see here a bat corpse.
Your iron imp disappears in a puff of smoke!
It was a potion of brilliance.
You feel clever all of a sudden. The phantom hits you!
You die...

.. #.#####.#..###.# ##. #.#
#......# #.# ## #.###....(##
#.# #...#.###.# #.#######
.<#...# #.# #.......#
###...###.# #.....$.# ......
..# #.......#
###########.#########.......#
#...(........(.@W.....†...?.#
#.######.############.......#
#.# ###..# #.......#
#.###...## #$......#
#.##..### #.......# #.##†##
######### #....# ##..###
...##


You could see a phantom (unable to see you).

Vanquished Creatures
  A worm (D:2)
  5 bats
  2 endoplasms (D:1)
  A giant cockroach (D:1)
  A goblin (D:2)
  2 hobgoblins (D:1)
  6 kobolds
  3 quokkas
  3 ball pythons (D:1)
  4 frilled lizards (D:1)
  A rat (D:1)
29 creatures vanquished.

Notes
Turn   | Place    | Note
-------+----------+-------------------------------------------
     0 | D:1      | BiteMe the Demonspawn Venom Mage began the quest for the
                  | Orb.
     0 | D:1      | Reached XP level 1. HP: 13/13 MP: 3/3
   818 | D:1      | Gained mutation: A weak demonic guardian rushes to your
                  | aid. [demonic ancestry]
   818 | D:1      | Reached XP level 2. HP: 19/19 MP: 5/5
  1281 | D:1      | Reached skill level 1 in Transmutations
  1847 | D:2      | Noticed Terence
  2110 | D:2      | Gained mutation: Your demonic aura sometimes causes spilled
                  | blood to erupt in flames. [demonic ancestry]
  2110 | D:2      | Reached XP level 3. HP: 24/24 MP: 7/7
  2113 | D:2      | Learned a level 2 spell: Poisonous Vapours
  2207 | D:2      | Noticed a phantom
  2223 | D:2      | HP: 1/24 [phantom (4)]
  2235 | D:2      | Slain by a phantom

Illustrated notes

Levels and vault maps discovered:
D:1:      matt_arrival_spirals, layout_loops_cross
D:2:      layout_basic, uniq_terence

Skill      XL: |  1  2 |
---------------+-------+-----
Dodging        | 2 |  2.0
Stealth        | 2 |  2.1
Transmutations | 1 |  1.0
Spellcasting   | |  2.8
Poison Magic   | |  3.1
Evocations     | |  0.1

Action                   || total
-------------------------++-------
Melee: Flail             ||     5
       Short sword       ||    12
       Staff             ||    21
 Cast: Sting             ||    52
  Use: Potion            ||     3
 Stab: Sleeping          ||     3
Armor: Robe              ||    10
Dodge: Dodged            ||    33
